 Dungeon Crawl Stone Soup version 0.16.1-11-g651b585 (webtiles) character file.

28 Psiweapon the Ruffian (level 2, -3/23 HPs)
             Began as a Minotaur Transmuter on Apr 2, 2015.
             Slain by Crazy Yiuf
             ... wielding a +2 quarterstaff of chaos
              (5 damage)
             ... on level 2 of the Dungeon.
             The game lasted 00:03:18 (1849 turns).

Psiweapon the Ruffian (Minotaur Transmuter)         Turns: 1849, Time: 00:03:18

Health: -3/23      AC:  2    Str: 14    XL:     2   Next: 96%
Magic:  1/2        EV: 12    Int: 10    God:
Gold:   88         SH:  0    Dex: 10    Spells: 2 memorised, 0 levels left

rFire  . . .     SeeInvis .       - Unarmed
rCold  . . .     Clarity  .     c - +0 robe
rNeg   . . .     SustAb   .     (no shield)
rPois  .         Gourm    .     (helmet restricted)
rElec  .         Spirit   .     (no cloak)
rCorr  .         Warding  .     (no gloves)
rMut   .         Stasis   .     (boots unavailable)
MR     .....                    (no amulet)
Stlth  +.........               (no ring)
                                (no ring)

@: lethally poisoned (-3 -> -9), appendage, not resistant to hostile
enchantments, very unstealthy
A: retaliatory headbutt, horns 2, talons 3
a: End Transformation


You were on level 2 of the Dungeon.
You were not hungry.
You had grown temporary talons.
You visited 1 branch of the dungeon, and saw 4 of its levels.

You collected 88 gold pieces.

Inventory:

Hand weapons
 j - a +0 hunting sling
 m - a +4 dagger
 r - a +2 hammer of protection
Missiles
 b - 21 arrows
 n - 7 javelins (quivered)
 o - 4 needles of sleeping
Armour
 c - a +0 robe (worn)
Scrolls
 e - 3 scrolls of remove curse {unknown}
 k - 2 scrolls of teleportation {unknown}
 l - 2 scrolls of identify {unknown}
Potions
 f - a potion of haste {unknown}
 g - a potion of flight {unknown}
 h - a potion of agility {unknown}
 p - a potion of poison {unknown}
Books
 d - a book of Changes

   Spells                             Type                      Level
   a - Beastly Appendage              Transmutation                1
   b - Sticks to Snakes               Transmutation                2
   c - Spider Form                    Transmutation/Poison         3
   d - Ice Form                       Ice/Transmutation            4
   e - Blade Hands                    Transmutation                5
Comestibles
 a - a bread ration
 i - a beef jerky
 q - a royal jelly


   Skills:
 - Level 1.2 Fighting
 - Level 2.1 Dodging
 + Level 4.1 Unarmed Combat
 - Level 1.3 Spellcasting
 + Level 2.2 Transmutations


You couldn't memorise any spells.
You knew the following spells:

 Your Spells              Type           Power        Failure   Level  Hunger
a - Beastly Appendage     Trmt           #.....       14%         1    ##.....
b - Sticks to Snakes      Trmt           #.........   21%         2    ###....


Dungeon Overview and Level Annotations

Branches:
Dungeon (4/15)
 Temple: D:4-7

Altars:

Annotations:
D:2 Crazy Yiuf


Innate Abilities, Weirdness & Mutations

You reflexively headbutt those who attack you in melee.
You have a pair of horns on your head.
You have claws for feet.


Message History

Crazy Yiuf whimpers, "Announcement!
Rot blue tea."
Crazy Yiuf flaps his cloak.
You hit Crazy Yiuf. Your kick misses Crazy Yiuf.
Crazy Yiuf is moderately wounded.
Crazy Yiuf hits you with a quarterstaff of chaos!
You are poisoned.
You hit Crazy Yiuf. You claw Crazy Yiuf, but do no damage.
You headbutt Crazy Yiuf.
Crazy Yiuf is heavily wounded.
You feel sick.
You hit Crazy Yiuf. Your kick misses Crazy Yiuf.
Crazy Yiuf is almost dead.
You feel sick.
Crazy Yiuf hits you with a quarterstaff of chaos!
* * * LOW HITPOINT WARNING * * *
x2 You hit Crazy Yiuf but do no damage.
You claw Crazy Yiuf.
Crazy Yiuf is almost dead.
Crazy Yiuf flaps his cloak.
Crazy Yiuf hits you with a quarterstaff of chaos.
You die...

###### ### ♣♣##....#..
#)))# ♣♣.......#...[
#.g)))♣♣♣♣..g@.........
♣))♣.).......#....
♣♣♣)♣).)).........
♣♣♣♣♣##....#.... #....#
#.# ### #....# #.# #.#
####.# #.# #.# #.# #.#
#.# #.# #.#


You could see Crazy Yiuf.

Vanquished Creatures
  A worm (D:2)
  A giant gecko (D:1)
  An orc (D:3)
  4 goblins (D:1)
  A hobgoblin (D:1)
  A kobold (D:1)
  A ball python (D:3)
  3 bats
  3 giant newts (D:1)
  2 jackals (D:1)
  3 rats (D:1)
21 creatures vanquished.

Notes
Turn   | Place    | Note
--------------------------------------------------------------
     0 | D:1      | Psiweapon, the Minotaur Transmuter, began the quest for the Orb.
     0 | D:1      | Reached XP level 1. HP: 16/16 MP: 2/2
   561 | D:1      | Reached XP level 2. HP: 18/23 MP: 2/2
  1430 | D:4      | Noticed an ogre
  1462 | D:1      | Learned a level 2 spell: Sticks to Snakes
  1502 | D:2      | Reached skill level 4 in Unarmed Combat
  1834 | D:2      | Noticed Crazy Yiuf
  1849 | D:2      | Slain by Crazy Yiuf

Action                   || total
-------------------------++-------
Melee: Unarmed           ||    70
 Cast: Beastly Appendage ||     9
  Eat: Chunk             ||     3
